 Dungeon Crawl Stone Soup version 0.23-a0-130-g0e7800e (webtiles) character file.

79 Amnesiac the Gusty (level 4, -3/30 HPs)
             Began as a Mummy Air Elementalist on Aug 28, 2018.
             Slain by an ogre
             ... wielding a cursed -1 giant club
              (23 damage)
             ... on level 4 of the Dungeon.
             The game lasted 00:04:26 (1769 turns).

Amnesiac the Gusty (Mummy Air Elementalist)         Turns: 1769, Time: 00:04:27

Health: -3/30      AC:  2    Str: 11    XL:     4   Next: 17%
Magic:  4/9        EV: 12    Int: 15    God:
Gold:   58         SH:  0    Dex: 20    Spells: 3/10 levels left

rFire    x x .     SeeInvis .   e - +0 whip (elec)
rCold    + . .     Gourm    .   (no shield)
rNeg     + + +     Faith    .   a - +0 robe
rPois    ∞         Spirit   .   (no helmet)
rElec    .         Reflect  .   (no cloak)
rCorr    .         Harm     .   (no gloves)
MR       .....                  (no boots)
Stlth    ++........             f - amulet of Qyacwyz {Inacc rF- Dex+8}
HPRegen  0.10/turn              (no ring)
MPRegen  0.11/turn              (no ring)

@: very slightly contaminated
A: no food or potions, fire vulnerability, cold resistance 1, negative energy
resistance 3, torment resistance, unbreathing
a: no special abilities


You were on level 4 of the Dungeon.
You were not hungry.

You visited 1 branch of the dungeon, and saw 5 of its levels.

You collected 58 gold pieces.

Inventory:

Hand Weapons
 e - a +0 whip of electrocution (weapon)
Armour
 a - a +0 robe (worn)
Jewellery
 f - the amulet of Qyacwyz (around neck) {Inacc rF- Dex+8}
   (You found it on level 4 of the Dungeon)

   [amulet of inaccuracy]

   It reduces the accuracy of all your attacks.
   It affects your dexterity (+8).
   It makes you vulnerable to fire.
Scrolls
 b - 5 scrolls of teleportation {!r, unknown}
 c - 3 scrolls of remove curse {!r, unknown}
 d - a scroll of immolation {!r, unknown}
 g - a scroll of random uselessness {!r, unknown}


   Skills:
 - Level 1.5 Dodging
 - Level 1.5 Stealth
 + Level 3.7 Spellcasting
 - Level 0.7 Conjurations
 * Level 3.7 Air Magic


You had 3 spell levels left.
You knew the following spells:

 Your Spells              Type           Power        Failure   Level  Hunger
a - Shock                 Conj/Air       #...         8%          1    N/A
d - Airstrike             Air            ##........   36%         4    N/A
z - Swiftness             Chrm/Air       #.......     13%         2    N/A

Your spell library contained the following spells:

 Spells                   Type           Power        Failure   Level  Hunger
 Static Discharge         Conj/Air       #.......     22%         3    N/A
 Lightning Bolt           Conj/Air       #.........   90%         5    N/A

Dungeon Overview and Level Annotations

Branches:
Dungeon (5/15)
 Temple: D:4-7

Altars:
Yredelemnul


Innate Abilities, Weirdness & Mutations

You do not eat or drink.
Your flesh is vulnerable to fire.
You are immune to poison.
Your flesh is cold resistant. (rC+)
You are immune to negative energy. (rN+++)
You are immune to unholy pain and torment.
You can survive without breathing.


Message History

You finish memorising.
Spell assigned to 'd'.
You start resting.
Magic restored.
You start resting.
HP restored.
Found a stone staircase leading down.
There is a stone staircase leading down here.
An ogre comes into view. It is wielding a giant club.
The ogre shouts!
Casting: Shock (safe; 8% risk of failure)
Confirm with . or Enter, or press ? or * to list all spells.
Aiming: Shock (safe; 8% risk of failure)
Press: ? - help, Shift-Dir - straight line, f - ogre
Aim: an ogre, wielding a giant club The zap hits the ogre.
The ogre is lightly wounded.
Casting: Shock (safe; 8% risk of failure)
Confirm with . or Enter, or press ? or * to list all spells.
Aiming: Shock (safe; 8% risk of failure)
Press: ? - help, Shift-Dir - straight line, f/p - ogre
Aim: an ogre, wielding a giant club (lightly wounded)
The zap hits the ogre.
The ogre is moderately wounded.
The zap hits the ogre.
The ogre is moderately wounded.
Unknown command.
Casting: Shock (safe; 8% risk of failure)
Confirm with . or Enter, or press ? or * to list all spells.
Aiming: Shock (safe; 8% risk of failure)
Press: ? - help, Shift-Dir - straight line, f/p - ogre
Aim: an ogre, wielding a giant club (moderately wounded)
The zap hits the ogre.
The ogre is heavily wounded.
The zap hits the ogre.
The ogre is severely wounded.
The ogre closely misses you.
Unknown command.
Casting: Shock (safe; 8% risk of failure)
Confirm with . or Enter, or press ? or * to list all spells.
Aiming: Shock (safe; 8% risk of failure)
Press: ? - help, Shift-Dir - straight line, f/p - ogre
Aim: an ogre, wielding a giant club (severely wounded)
The zap hits the ogre.
The ogre is almost dead.
The zap misses the ogre.
The ogre hits you with a giant club!
Unknown command.
Casting: Shock (safe; 8% risk of failure)
Confirm with . or Enter, or press ? or * to list all spells.
Aiming: Shock (safe; 8% risk of failure)
Press: ? - help, Shift-Dir - straight line, f/p - ogre
Aim: an ogre, wielding a giant club (almost dead)
The zap misses the ogre.
The zap hits the ogre.
The ogre is almost dead.
Unknown command.
Casting: Shock (safe; 8% risk of failure)
Confirm with . or Enter, or press ? or * to list all spells.
Aiming: Shock (safe; 8% risk of failure)
Press: ? - help, Shift-Dir - straight line, f/p - ogre
Aim: an ogre, wielding a giant club (almost dead)
You miscast Shock.
You are very lightly contaminated with residual magic.
Sparks fly from your hands! The ogre hits you with a giant club!!
Ouch! That really hurt!
You die...

#.# #.# ###.#
#...# #.
#.### #. #.#
#. #.# #O #.#
#. #@# #. #O#
.###.#.####.#
#..........>#
##.....######
#.#####


You could see an ogre.

Vanquished Creatures
  A worker ant (D:4)
  A worm (D:3)
  3 dart slugs
  An orc (D:3)
  A ball python (D:1)
  4 giant cockroaches
  7 goblins
  5 hobgoblins
  4 jackals (D:3)
  A quokka (D:4)
  4 bats
  2 frilled lizards (D:3)
  5 kobolds
  A rat (D:1)
40 creatures vanquished.

Notes
Turn   | Place    | Note
-------+----------+-------------------------------------------
     0 | D:1      | Amnesiac the Mummy Air Elementalist began the quest for the
                  | Orb.
     0 | D:1      | Reached XP level 1. HP: 13/13 MP: 4/4
   214 | D:1      | Reached XP level 2. HP: 19/19 MP: 2/5
   228 | D:1      | Learned a level 2 spell: Swiftness
   978 | D:2      | Found a basalt altar of Yredelemnul.
  1033 | D:3      | Reached XP level 3. HP: 24/24 MP: 4/7
  1471 | D:4      | Got a wavering graven amulet
  1472 | D:4      | Identified the amulet of Qyacwyz {Inacc rF- Dex+8} (You
                  | found it on level 4 of the Dungeon)
  1536 | D:5      | Entered Level 5 of the Dungeon
  1622 | D:4      | Reached XP level 4. HP: 12/30 MP: 6/9
  1630 | D:4      | Learned a level 4 spell: Airstrike
  1757 | D:4      | Noticed an ogre
  1769 | D:4      | Slain by an ogre

Vault maps used:
D:1:      co_arrival_square_in_a_square_in_a_square, st_stairs_11
D:2:      nicolae_overflow_crystal_walls, uniq_sigmund
D:3:      first_ration
D:4:      minmay_temple_entry_statues, minmay_quantized, uniq_grinder
D:5:      led_sif_book, serial_shops, shop, bloody_trog, uniq_duvessa

Skill      XL: |  1  2 |
---------------+-------+-----
Air Magic      | 3 |  3.7
Spellcasting   | 3 |  3.7
Dodging        | |  1.5
Stealth        | |  1.5
Conjurations   | |  0.7

Action                   |  1- 3 |  4- 6 || total
-------------------------+-------+-------++-------
Melee: Unarmed           |    13 |       ||    13
       Whip              |    21 |       ||    21
 Cast: Shock             |    84 |     5 ||    89
 Stab: Distracted        |     1 |       ||     1
Armor: Robe              |     4 |       ||     4
Dodge: Dodged            |    33 |     1 ||    34

Table legend:
 A = Non-vault XP
 B = Vault XP
 C = Vault XP percentage of total XP
 D = Non-vault monster count
 E = Vault monster count
 F = Vault count percentage of total count
                 A         B        C        D         E       F
            +---------+---------+-------+---------+---------+-------
      Total |     111 |       3 |   2.6 |      38 |       2 |   5.0
            +---------+---------+-------+---------+---------+-------
        D:1 |      34 |       3 |   8.1 |      16 |       2 |  11.1
        D:2 |       2 |       0 |   0.0 |       1 |       0 |   0.0
        D:3 |      35 |       0 |   0.0 |      17 |       0 |   0.0
        D:4 |      40 |       0 |   0.0 |       4 |       0 |   0.0
            +---------+---------+-------+---------+---------+-------
